 Dungeon Crawl Stone Soup version 0.16.2-2-g470672f (webtiles) character file.

1883 CrazyArbalest the Quickloader (level 8, -3/67 HPs)
             Began as a Centaur Hunter on Aug 22, 2015.
             Slain by an orc warrior
             ... wielding a +0 war axe
              (14 damage)
             ... on level 6 of the Dungeon.
             The game lasted 01:05:17 (9714 turns).

CrazyArbalest the Quickloader (Centaur Hunter)      Turns: 9714, Time: 01:05:17

Health: -3/67      AC: 11    Str: 15    XL:     8   Next: 92%
Magic:  6/6        EV:  7    Int: 10    God:
Gold:   238        SH:  0    Dex: 14    Spells: 0 memorised, 7 levels left

rFire  . . .     SeeInvis .     b - +1 hand crossbow
rCold  . . .     Clarity  .     w - +1 chain mail
rNeg   . . .     SustAb   .     (no shield)
rPois  .         Gourm    +     L - +0 helmet
rElec  .         Spirit   .     (no cloak)
rCorr  .         Warding  .     P - +0 pair of gloves
rMut   .         Stasis   .     (no barding)
MR     .....                    O - amulet of the gourmand
Stlth  ..........               p - +2 ring of dexterity
                                D - +2 ring of evasion

@: very quick, not resistant to hostile enchantments, extremely unstealthy
A: hooves 3, deformed body, speed 2, tough skin 3
a: no special abilities


You were on level 6 of the Dungeon.
You were completely stuffed.

You visited 2 branches of the dungeon, and saw 7 of its levels.
You also visited: Ossuary.

You collected 238 gold pieces.

Inventory:

Hand weapons
 a - a +0 flail
 b - a +1 hand crossbow (weapon)
 J - a +0 whip
 Q - a cursed -1 spear
 T - a +2 hand axe of venom
Missiles
 c - 28 bolts (quivered)
Armour
 w - a +1 chain mail (worn)
 L - a +0 helmet (worn)
 P - a +0 pair of gloves (worn)
Jewellery
 d - an uncursed ring of magical power {unknown}
 p - a +2 ring of dexterity (right hand)
 q - an uncursed amulet of stasis
 D - a +2 ring of evasion (left hand)
 H - an uncursed ring of fire
 O - an amulet of the gourmand (around neck)
Magical devices
 M - a wand of fire (9)
Scrolls
 j - a scroll of remove curse
 k - a scroll of blinking
 l - 2 scrolls of recharging
 o - a scroll of immolation
 C - a scroll of magic mapping
 S - a scroll of fog
 U - 3 scrolls of teleportation
 W - a scroll of noise
 X - a scroll of identify
Potions
 e - 5 potions of curing {unknown}
 m - a potion of degeneration {unknown}
 n - 2 potions of cancellation {unknown}
 r - 3 potions of magic
 s - a potion of haste {unknown}
 x - a potion of might {unknown}
 B - 3 potions of agility {unknown}
 E - a potion of heal wounds
 I - a potion of cure mutation {unknown}
 N - a potion of lignification {unknown}
 R - a potion of berserk rage {unknown}
 V - a potion of brilliance {unknown}
Comestibles
 f - 7 bread rations
 g - a fruit
 h - 5 meat rations
 t - a beef jerky
 u - a slice of pizza


   Skills:
 + Level 4.8 Fighting
   Level 0.1 Short Blades
 + Level 3.9 Maces & Flails
 * Level 8.9 Crossbows
 + Level 3.5 Armour
 + Level 3.4 Dodging
 + Level 0.7 Stealth


You had 7 spell levels left.
You didn't know any spells.

Dungeon Overview and Level Annotations

Branches:
Dungeon (6/15)             Temple (1/1) D:5

Altars:
Ashenzari
Cheibriados
Dithmenos
Elyvilon
Fedhas
Kikubaaqudgha
Nemelex Xobeh
Okawaru
Ru
Sif Muna
Trog
Yredelemnul
Zin
The Shining One

Annotations:
D:4 Menkaure


Innate Abilities, Weirdness & Mutations

You have hooves in place of feet.
Armour fits poorly on your strangely shaped body.
You cover ground very quickly.
You have extremely tough skin (AC +3).


Message History

Press: ? - help, Shift-Dir - straight line, f/p - orc warrior
Aim: an orc warrior, wielding a war axe and wearing a plate armour (almost dead)
You shoot a bolt.
The bolt hits the orc warrior but does no damage.
The orc warrior is almost dead.
Firing (i - inventory):
c - 30 bolts (quivered)
Press: ? - help, Shift-Dir - straight line, f/p - orc warrior
Aim: an orc warrior, wielding a war axe and wearing a plate armour (almost dead)
You shoot a bolt. The bolt hits the orc warrior.
The orc warrior is almost dead.
The orc warrior hits you with a war axe!!
* * * LOW HITPOINT WARNING * * *
Firing (i - inventory):
c - 29 bolts (quivered)
Press: ? - help, Shift-Dir - straight line, f/p - orc warrior
Aim: an orc warrior, wielding a war axe and wearing a plate armour (almost dead)
You shoot a bolt.
The bolt hits the orc warrior but does no damage.
The orc warrior is almost dead.
The orc warrior hits you with a war axe!
You die...

#.#[##.#.#.#.########
#.#[[....#.#......... #
#......#.#########.
#......#.### #(
+.....(....# #.
#.....#....#######.
#...(.#o...........
#..o..#....#######.
#.@...#(...# #. ...
#.....#o...#######.
.......########o...........
........# #(....#######
o......########.....#
......##....##.....# .....
#...........# ...
#.....####### #.# #.....#


You could see an orc warrior.

Vanquished Creatures
  A sky beast (D:5)
  3 centaurs
  5 ogres
  2 giant frogs (D:6)
  2 vampire bats (D:3)
  A crimson imp (D:5)
  2 hounds (D:5)
  A giant frog skeleton (D:5)
  3 orc priests
  A centaur skeleton (D:5)
  2 worker ants
  4 orc wizards
  7 big kobold zombies (Ossuary)
  A mummy (Ossuary)
  9 gnolls
  A shadow imp (D:5)
  8 adders
  3 worms
  2 adder skeletons (D:4)
  2 giant geckos (D:4)
  2 oozes
  24 orcs
  A spectral bat (Ossuary)
  3 ball pythons
  2 bat skeletons (D:3)
  3 bat zombies
  7 giant cockroaches
  10 goblins
  6 hobgoblins
  4 jackals
  16 kobolds
  A ball python skeleton (D:4)
  11 bats
  2 bat simulacra (Ossuary)
  2 giant cockroach zombies (D:5)
  A giant gecko skeleton (D:4)
  3 giant newts
  5 gnoll zombies (Ossuary)
  A goblin simulacrum (Ossuary)
  3 goblin zombies (Ossuary)
  5 hobgoblin zombies (Ossuary)
  4 kobold simulacra (Ossuary)
  2 kobold zombies (Ossuary)
  6 orc zombies (Ossuary)
  3 quokkas
  14 rats
  2 rat simulacra (Ossuary)
  2 spectral kobolds (Ossuary)
  2 spectral rats (Ossuary)
207 creatures vanquished.

Vanquished Creatures (others)
  2 hobgoblin zombies (Ossuary)
2 creatures vanquished.

Grand Total: 209 creatures vanquished

Notes
Turn   | Place    | Note
--------------------------------------------------------------
     0 | D:1      | CrazyArbalest, the Centaur Hunter, began the quest for the Orb.
     0 | D:1      | Reached XP level 1. HP: 17/17 MP: 1/1
   328 | D:1      | Reached XP level 2. HP: 9/24 MP: 2/2
   528 | D:1      | Reached skill level 5 in Crossbows
  1206 | D:2      | Reached XP level 3. HP: 27/29 MP: 3/3
  1436 | D:2      | Reached XP level 4. HP: 9/36 MP: 3/3
  1859 | D:2      | Reached skill level 1 in Armour
  2659 | D:3      | Found an iron altar of Okawaru.
  2796 | D:3      | Reached XP level 5. HP: 15/41 MP: 4/4
  3265 | D:3      | Found a glowing silver altar of Zin.
  3288 | D:3      | Found a sparkling altar of Nemelex Xobeh.
  3350 | D:3      | Reached skill level 6 in Crossbows
  3410 | D:3      | Reached skill level 1 in Maces & Flails
  3772 | D:3      | Found an ancient bone altar of Kikubaaqudgha.
  3807 | D:3      | Reached XP level 6. HP: 13/50 MP: 5/5
  4604 | D:4      | Found a shattered altar of Ashenzari.
  4709 | D:4      | Noticed Menkaure
  6175 | D:4      | Reached XP level 7. HP: 54/56 MP: 5/5
  6290 | D:5      | Entered Level 5 of the Dungeon
  6311 | D:5      | HP: 2/56 [centaur/arrow (9)]
  6526 | D:5      | Reached skill level 7 in Crossbows
  6789 | D:5      | Found a staircase to the Ecumenical Temple.
  6799 | D:5      | Found a bloodstained altar of Trog.
  6889 | D:5      | Found a sand-covered staircase.
  6899 | Ossuary  | Entered an ossuary
  7367 | Ossuary  | Reached XP level 8. HP: 57/63 MP: 6/6
  7524 | D:5      | Reached skill level 8 in Crossbows
  9051 | Temple   | Entered the Ecumenical Temple
  9714 | D:6      | Slain by an orc warrior

Action                   |  1- 3 |  4- 6 |  7- 9 || total
-------------------------+-------+-------+-------++-------
Melee: Short sword       |    62 |       |       ||    62
       Club              |    34 |       |       ||    34
       Flail             |       |   258 |   331 ||   589
 Fire: Hand crossbow     |    27 |    68 |   102 ||   197
  Use: Scroll            |       |     8 |     3 ||    11
       Potion            |       |     2 |     1 ||     3
  Eat: Chunk             |     1 |    13 |    18 ||    32
